 Dungeon Crawl Stone Soup version 0.19-a0-1827-g174f941 (webtiles) character file.

58 dobroeutro the Skirmisher (level 4, -3/29 HPs)
             Began as a Gargoyle Fighter on Oct 7, 2016.
             Killed from afar by Sigmund (9 damage)
             ... with a puff of flame
             ... on level 3 of the Dungeon.
             The game lasted 00:01:33 (1322 turns).

dobroeutro the Skirmisher (Gargoyle Fighter)        Turns: 1322, Time: 00:01:34

Health: -3/29      AC: 10    Str: 20    XL:     4   Next: 2%
Magic:  4/4        EV:  7    Int:  9    God:
Gold:   64         SH:  9    Dex:  9    Spells: 0 memorised, 3 levels left

rFire  . . .     SeeInvis .     a - +0 flail
rCold  . . .     Gourm    .     b - +0 scale mail
rNeg   + . .     Faith    .     c - +0 shield
rPois  ∞         Spirit   .     (no helmet)
rElec  +         Dismiss  .     (no cloak)
rCorr  .         Reflect  .     (no gloves)
MR     .....     Harm     .     (no boots)
Stlth  ..........               (no amulet)
                                (no ring)
                                (no ring)

@: no status effects
A: negative energy resistance 1, electricity resistance, unbreathing,
petrification resistance, rot immunity, AC +3
a: no special abilities


You were on level 3 of the Dungeon.
You were near starving.

You visited 1 branch of the dungeon, and saw 3 of its levels.

You collected 64 gold pieces.

Inventory:

Hand Weapons
 a - a +0 flail (weapon)
Armour
 b - a +0 scale mail (worn)
 c - a +0 shield (worn)
Wands
 n - a wand of acid (1/15)
Scrolls
 e - 2 scrolls of teleportation {unknown}
 g - a scroll of blinking {unknown}
 j - a scroll of enchant weapon {unknown}
 m - a scroll of identify {unknown}
 o - a scroll of enchant armour {unknown}
Potions
 d - a potion of might
 h - a potion of flight {unknown}
 i - 3 potions of curing {unknown}
 l - 2 potions of resistance {unknown}
Comestibles
 f - 3 bread rations
 k - 2 meat rations


   Skills:
 + Level 4.1 Fighting
 * Level 2.8 Maces & Flails
 + Level 3.9 Armour
 - Level 3.2 Shields


You had 3 spell levels left.
You didn't know any spells.

Dungeon Overview and Level Annotations

Branches:
Dungeon (3/15)

Altars:
Xom

Annotations:
D:3 Sigmund


Innate Abilities, Weirdness & Mutations

You are resistant to torment.
Your stone body is resilient. (AC +3)
You are immune to poison.
You resist negative energy. (rN+)
You are resistant to electric shocks. (rElec)
You can survive without breathing.
You are immune to petrification.
You are immune to rotting.


Message History

Sigmund casts a spell at you. The magic dart hits you!
* * * LOW HITPOINT WARNING * * *
You are too injured to fight recklessly!
Sigmund hits you but does no damage.
You see here 26 stones.
Sigmund casts a spell at you.
You are confused.
Sigmund points at you and mumbles some strange words.
The puff of flame hits you!
* * * LOW HITPOINT WARNING * * *
Sigmund mumbles some strange words.
Sigmund flickers and vanishes!
Deactivating autopickup; reactivate with Ctrl-A.
You bump into the rock wall.
You feel less confused.
There is a stone staircase leading up here.
A puff of flame appears from out of thin air!
The puff of flame hits you!
You die...

#...†...............#
#######(##.###.####.#
#.##.###.## #.#
#.##.##...###[#
#.##.#.....##.##
#.##........#...
#.##.........###
#.########...(...........
......).@.............###
##############....<......
##.......... ##....#####
##.#.# ..#.# ####.# #.#


There were no monsters in sight!

Vanquished Creatures
  2 oozes (D:2)
  A worm (D:2)
  A dart slug (D:2)
  2 giant cockroaches
  A goblin (D:2)
  6 hobgoblins
  6 jackals (D:2)
  A ball python (D:2)
  4 bats
  2 frilled lizards
  11 kobolds
  3 rats
40 creatures vanquished.

Notes
Turn   | Place    | Note
-------+----------+-------------------------------------------
     0 | D:1      | dobroeutro the Gargoyle Fighter began the quest for the Orb.
     0 | D:1      | Reached XP level 1. HP: 14/14 MP: 1/1
   226 | D:1      | Reached XP level 2. HP: 19/19 MP: 2/2
   591 | D:2      | Reached XP level 3. HP: 24/24 MP: 3/3
   676 | D:2      | Reached skill level 4 in Fighting
  1101 | D:2      | Found a shimmering altar of Xom.
  1116 | D:2      | Found a hazy altar of Hepliaklqana.
  1116 | D:2      | Found an iron altar of Okawaru.
  1118 | D:2      | Found a shattered altar of Ashenzari.
  1118 | D:2      | Found a stormy altar of Qazlal.
  1118 | D:2      | Found a shimmering altar of Xom.
  1261 | D:3      | Reached XP level 4. HP: 29/29 MP: 4/4
  1296 | D:3      | Noticed Sigmund
  1322 | D:3      | Killed from afar by Sigmund

Vault maps used:
D:1:      saegor_arrival_simple_a
D:2:      doesnt_xom_only_xom, first_bread
D:3:      zin_scriptorium, yredelemnul_altar_generic, uniq_sigmund

Skill      XL: |  1  2  3 |
---------------+----------+-----
Fighting       | 4 |  4.1
Maces & Flails | |  2.8
Armour         | |  3.9
Shields        | |  3.2

Action                   |  1- 3 |  4- 6 || total
-------------------------+-------+-------++-------
Melee: Flail             |   151 |    10 ||   161
Armor: Scale mail        |    91 |     6 ||    97
Dodge: Dodged            |    51 |     2 ||    53
Block: Shield            |    88 |     1 ||    89
